 Dungeon Crawl Stone Soup version 0.27-a0-1139-g28e009f8a6 (webtiles) character file.

Game seed: 882338956126768260

373 Morbidden the Covered (level 6, -1/47 HPs)
             Began as a Djinni Fighter on May 7, 2021.
             Slain by a water moccasin (5 damage)
             ... on level 4 of the Dungeon.
             The game lasted 00:04:10 (3656 turns).

Morbidden the Covered (Djinni Fighter)              Turns: 3656, Time: 00:04:11

Health: -1/47      AC:  5    Str: 16 (17) XL:     6   Next: 71%
Gold:   72         EV:  7    Int:  7 (10) God:
                   SH:  9    Dex: 13 (14)

rFire    + + .     SeeInvis .   b - +0 short sword (venom)
rCold    x . .     Faith    .   c - +0 kite shield
rNeg     . . .     Spirit   .   d - +0 scale mail
rPois    ∞         Reflect  .   (no helmet)
rElec    .         Harm     .   f - +0 cloak {rCorr}
rCorr    +         Rampage  .   (no gloves)
Will     +....                  (boots unavailable)
Stlth    +.........             (no amulet)
HPRegen  0.15/turn              m - ring of willpower
MPRegen  0.00/turn              (no ring)

@: flying
A: sickness immunity, fire resistance 2, cold vulnerability 1, float, innate
caster, hp casting, extra vitality 1, thin skeletal structure 1, deformed body
a: no special abilities


You were on level 4 of the Dungeon.
You visited 1 branch of the dungeon, and saw 4 of its levels.

You collected 72 gold pieces.

Inventory:

Hand Weapons
 a - a +0 long sword
 b - a +0 short sword of venom (weapon)
Missiles
 k - 35 sling bullets
 r - 3 boomerangs (quivered)
Armour
 c - a +0 kite shield (worn)
 d - a +0 scale mail (worn)
 f - a +0 cloak of preservation (worn)
Jewellery
 m - a ring of willpower (left hand)
 o - a +6 ring of intelligence
Scrolls
 e - 2 scrolls of identify {unknown}
 h - a scroll of teleportation {unknown}
 i - 3 scrolls of fear {unknown}
 p - a scroll of amnesia {unknown}
Potions
 j - 2 potions of mutation
 l - a potion of magic {unknown}
 n - a potion of brilliance {unknown}
 q - a potion of might


   Skills:
 * Level 4.0 Fighting
 + Level 1.0(2.3) Short Blades
 * Level 3.3(3.4) Long Blades
 + Level 4.0 Armour
 * Level 2.1 Dodging
 + Level 0.5 Stealth
 + Level 3.7 Shields
 * Level 1.4 Spellcasting


You had 4 spell levels left.
You knew the following spells:

 Your Spells              Type           Power      Damage    Failure   Level
a - Apportation           Tloc           4%         N/A       97%         1
b - Corpse Rot            Necr/Air       N/A        N/A       99%         2
Your spell library was empty.

Dungeon Overview and Level Annotations

Branches:
Dungeon (4/15)
 Temple: D:4-7

Altars:

Shops:
D:1 (

Annotations:
D:3 1 runed translucent door, Mandevil's ghost, amateur OpBe


Innate Abilities, Weirdness & Mutations

You are immune to sickness and miasma.
You are immune to poison.
Your flesh is very heat resistant. (rF++)
You are vulnerable to cold. (rC-)
You float through the air rather than walking.
You learn spells naturally, not from books.
Your magical power is your life essence.
You have superior vitality. (+4 HP)
You have a somewhat thin skeletal structure. (Dex +2, Stealth+)
Armour fits poorly on your strangely shaped body.


Message History

You are too injured to fight recklessly!
You are too injured to fight recklessly!
You are too injured to fight recklessly!
You are too injured to fight recklessly!
You are too injured to fight recklessly!
You are too injured to fight recklessly!
You are too injured to fight recklessly!
You are too injured to fight recklessly!
You are too injured to fight recklessly!
Unknown command.
Unknown command.
You completely miss the water moccasin.
The water moccasin is heavily wounded.
You block the water moccasin's attack.
The water moccasin bites you but does no damage.
You closely miss the water moccasin.
The water moccasin is heavily wounded.
The water moccasin bites you. You block the water moccasin's attack.
You hit the water moccasin.
The water moccasin is heavily wounded.
You block the water moccasin's attack.
You closely miss the water moccasin.
The water moccasin is heavily wounded.
The water moccasin bites you!
* * * LOW HITPOINT WARNING * * *
You block the water moccasin's attack.
You barely miss the water moccasin.
The water moccasin is heavily wounded.
You block the water moccasin's attack. The water moccasin bites you.
* * * LOW HITPOINT WARNING * * *
You hit the water moccasin.
The water moccasin is poisoned.
The water moccasin is severely wounded.
You block the water moccasin's attack.
Unknown command.
Unknown command.
It was a potion of degeneration.
There was something very wrong with that liquid.
You feel weakened.
You feel dopey.
You feel clumsy. You block the water moccasin's attack.
The water moccasin bites you.
You die...

.. . .#.# #. #.#.#
.## ....# $.
##...# #. ##....#
######S######....#
#......@...#.....#
...........'.....#
#.##.....#.#.....+
♣≈≈♣#...##....#
♣≈≈≈≈≈≈≈###...#
♣≈P≈≈≈≈≈♣♣♣♣#..#
≈≈≈≈♣≈P≈P≈♣♣≈##'#
≈≈≈≈≈≈≈≈≈≈≈≈P≈≈#.#
≈≈≈≈≈≈≈≈P≈≈≈≈♣♣P.#


You could see a water moccasin (very poisoned).

Vanquished Creatures
  Grinder (D:3)
  A bullfrog (D:2)
  6 adders
  A dart slug (D:1)
  4 orcs
  2 bats
  5 endoplasms
  2 giant cockroaches (D:3)
  4 goblins
  4 hobgoblins
  10 jackals
  3 kobolds
  2 quokkas
  5 ball pythons
  4 frilled lizards
  3 rats
57 creatures vanquished.

Vanquished Creatures (others)
  A plant (D:4)
1 creature vanquished.

Grand Total: 58 creatures vanquished

Notes
Turn   | Place    | Note
-------+----------+-------------------------------------------
     0 | D:1      | Morbidden the Djinni Fighter began the quest for the Orb.
     0 | D:1      | Reached XP level 1. HP: 20/20 MP: 0/0
   399 | D:1      | Found a faded altar of an unknown god.
   405 | D:1      | Reached XP level 2. HP: 25/25 MP: 0/0
   852 | D:1      | Found Cebit's Weapon Shoppe.
  1408 | D:2      | Reached XP level 3. HP: 18/30 MP: 0/0
  1408 | D:2      | Learned a level 1 spell: Apportation
  1845 | D:2      | Noticed a bullfrog
  1858 | D:2      | Gained mutation: Armour fits poorly on your strangely
                  | shaped body. [potion of mutation]
  1858 | D:2      | Gained mutation: You have a somewhat thin skeletal
                  | structure. (Dex +2, Stealth+) [potion of mutation]
  1864 | D:2      | Killed a bullfrog
  1865 | D:2      | Reached skill level 1 in Dodging
  1865 | D:2      | Reached XP level 4. HP: 24/35 MP: 0/0
  2371 | D:3      | Reached XP level 5. HP: 32/40 MP: 0/0
  2371 | D:3      | Learned a level 2 spell: Corpse Rot
  2493 | D:3      | Noticed Grinder
  2513 | D:3      | Killed Grinder
  2514 | D:3      | Reached skill level 1 in Spellcasting
  2514 | D:3      | Reached XP level 6. HP: 37/47 MP: 0/0
  2700 | D:3      | Noticed Mandevil's ghost (amateur OpBe)
  2704 | D:3      | Found a runed translucent door.
  3174 | D:3      | Reached skill level 1 in Short Blades
  3639 | D:4      | Noticed a water moccasin
  3656 | D:4      | Slain by a water moccasin

Illustrated notes

Levels and vault maps discovered:
D:1:      dpeg_arrival_tiny_a, layout_basic, ebering_ecumenical_altar_ruins,
          serial_shops, nicolae_shop_trees
D:2:      layout_basic
D:3:      layout_basic, hellmonk_ghost_happy_afterlife, uniq_grinder
D:4:      layout_loops_corners, serial_bayou, serial_bayou_lake_a,
          serial_bayou_lagoon_b, serial_bayou_pond_e, serial_bayou_pond_e,
          serial_bayou_shore_b, serial_bayou_pond_e, kennysheep_potato,
          uniq_sigmund

Skill      XL: |  1  2  3  4  5  6 |
---------------+-------------------+-----
Long Blades    | 2 3 |  3.3
Dodging        | 1 2 |  2.1
Spellcasting   | 1 |  1.4
Armour         | 4 |  4.0
Fighting       | 4 |  4.0
Short Blades   | 1 |  1.0
Stealth        | |  0.5
Shields        | |  3.7

Action                   |  1- 3 |  4- 6 || total
-------------------------+-------+-------++-------
Melee: Long sword        |   100 |     1 ||   101
       Short sword       |       |   136 ||   136
  Use: Potion            |     4 |     1 ||     5
Armor: Scale mail        |    69 |    37 ||   106
Dodge: Dodged            |    41 |    42 ||    83
Block: Kite shield       |    73 |    73 ||   146
       Rpst.: Long sword |    16 |       ||    16

Table legend: (Time is in decaauts)
 A = Elapsed time spent in this place.
 B = Non-inter-level travel time spent in this place.
 C = Inter-level travel time spent in this place.
 D = Time resting spent in this place.
 E = Time spent auto-exploring this place.
 F = Levels seen in this place.
 G = Mean time per level.
                   A        B        C        D        E       F      G
               +--------+--------+--------+--------+--------+-----+--------+
         Total |   3740 |   3648 |     92 |    394 |   2675 |   4 |  935.0 |
       Dungeon |   3740 |   3648 |     92 |    394 |   2675 |   4 |  935.0 |
               +--------+--------+--------+--------+--------+-----+--------+

Top non-repeatable levels by time:
     D:2: 1208 daAuts
     D:1: 1201 daAuts
     D:3: 1186 daAuts
     D:4: 143 daAuts
